[Event "Titled Tuesday Blitz May 30 Early 2023"]
[White "Marra, Eduardo da Costa"]
[Black "Baskakov, Egor"]
[WhiteFideId "2106990"]
[BlackFideId "24197866"]
[WhiteElo "2252"]
[BlackElo "2225"]
[Result "0-1"]
[Round "08"]
[TimeControl "180+2"]
[Date "2023.05.30"]
[WhiteClock "0:00:00"]
[BlackClock "0:00:52"]

1. d4 Nf6 2. Nc3 e6 3. Bf4 d5 4. Nf3 Ne4 5. Qd3 f5 6. e3 Be7 7. Be2 O-O 8. O-O g5 9. Be5 Nd7 10. Qd1 g4 11. Ne1 Nxc3 12. bxc3 Nxe5 13. dxe5 Bd7 14. c4 c6 15. cxd5 cxd5 16. c4 Bc6 17. Nd3 Bg5 18. Nf4 Bxf4 19. exf4 Rc8 20. Qd4 dxc4 21. Qxa7 Bd5 22. Rfc1 Qc7 23. a4 Qc5 24. Qxc5 Rxc5 25. Rc3 Ra8 26. h3 h5 27. Kh2 b5 28. Rac1 Rxa4 29. Kg3 b4 30. Rxc4 Bxc4 31. Bxc4 Kg7 32. Kh4 Ra7 0-1


[Site "https://www.chess.com"]

[Event "Titled Tuesday Blitz May 30 Early 2023"]
[White "Ozates, Tuna"]
[Black "Mischuk, Dmitry"]
[WhiteFideId "6354521"]
[BlackFideId "14118734"]
[WhiteElo "2151"]
[BlackElo "2256"]
[Result "1-0"]
[Round "08"]
[TimeControl "180+2"]
[Date "2023.05.30"]
[WhiteClock "0:00:27"]
[BlackClock "0:00:00"]

1. e4 c5 2. Nf3 d6 3. Bb5+ Bd7 4. Bxd7+ Qxd7 5. O-O Nc6 6. Qe2 e5 7. Rd1 g6 8. c3 Bg7 9. Na3 Nge7 10. Nc2 d5 11. d4 cxd4 12. cxd4 dxe4 13. Nxe5 Qd5 14. Bf4 O-O 15. Rd2 Rad8 16. b3 f6 17. Nc4 Qf5 18. Bg3 Nd5 19. N2e3 Nxe3 20. Nxe3 Qa5 21. Rad1 f5 22. d5 Nd4 23. Rxd4 Bxd4 24. Rxd4 f4 25. Nc4 Qc5 26. Qxe4 fxg3 27. hxg3 Rde8 28. Qd3 Re1+ 29. Kh2 Rxf2 30. Re4 Rxe4 31. Qxe4 b5 32. Qe6+ Kg7 33. Ne5 Rf5 34. g4 Rf1 35. Qd7+ Kh6 36. Nf7+ Rxf7 37. Qxf7 Qd6+ 38. g3 Kg5 39. Qf4+ Qxf4 40. gxf4+ Kf6 41. Kg3 Ke7 42. Kh4 Kd6 43. Kg5 Kxd5 44. Kf6 Ke4 45. f5 gxf5 46. gxf5 h5 47. Kg5 h4 48. f6 h3 49. f7 h2 50. f8=Q h1=Q 51. Qa8+ 1-0


[Site "https://www.chess.com"]

[Event "Titled Tuesday Blitz May 30 Early 2023"]
[White "OPQRC"]
[Black "Mendonca, Leon Luke"]
[BlackFideId "35028561"]
[WhiteElo "2559"]
[BlackElo "2464"]
[Result "0-1"]
[Round "08"]
[TimeControl "180+2"]
[Date "2023.05.30"]
[WhiteClock "0:00:06"]
[BlackClock "0:01:12"]

1. e4 c6 2. d4 d5 3. exd5 cxd5 4. Bf4 Nc6 5. c3 Nf6 6. Nd2 Bf5 7. Qb3 Qd7 8. Ngf3 e6 9. Ne5 Qc8 10. Be2 Nd7 11. O-O Ndxe5 12. dxe5 Be7 13. Nf3 O-O 14. Nd4 Bg6 15. Rae1 Qc7 16. Qd1 Rac8 17. Bd3 Nxd4 18. Bxg6 fxg6 19. Qxd4 Bc5 20. Qd2 Rf5 21. Bg3 g5 22. Qe2 Rcf8 23. Rd1 Bb6 24. Rd3 Qf7 25. b3 h5 26. h4 gxh4 27. Bxh4 Rf4 28. Bg3 Re4 29. Qc2 Qg6 30. c4 Rg4 31. c5 Bxc5 32. Qxc5 Qxd3 33. Qxa7 Rxg3 34. Qxb7 0-1


[Site "https://www.chess.com"]

[Event "Titled Tuesday Blitz May 30 Early 2023"]
[White "FunnyDuck66"]
[Black "Gorovets, Andrey"]
[BlackFideId "13504037"]
[WhiteElo "2384"]
[BlackElo "2459"]
[Result "0-1"]
[Round "08"]
[TimeControl "180+2"]
[Date "2023.05.30"]
[WhiteClock "0:00:09"]
[BlackClock "0:00:09"]

1. d4 d5 2. c4 e6 3. Nc3 a6 4. cxd5 exd5 5. Bf4 Nf6 6. e3 Bd6 7. Bxd6 Qxd6 8. Bd3 Nc6 9. Nf3 Bg4 10. O-O O-O 11. Rc1 Ne7 12. Ne2 Bxf3 13. gxf3 Ng6 14. Ng3 Nh4 15. Nf5 Nxf5 16. Bxf5 c6 17. Qb3 Qe7 18. Qd3 g6 19. Bh3 a5 20. a4 Rfe8 21. Qb3 Qc7 22. Qc3 Re7 23. Qc5 Ne8 24. Rc3 Qd6 25. Rfc1 Qxc5 26. Rxc5 Nd6 27. Bf1 Kg7 28. Bd3 h6 29. Kf1 f5 30. f4 g5 31. fxg5 hxg5 32. Ke2 Kf6 33. Rg1 Rh7 34. Rg2 Rh4 35. f3 Rhh8 36. Kf2 Rhe8 37. Rg3 Re7 38. Rh3 Kg6 39. Rg3 Kf6 40. Rh3 Nf7 41. Rc1 Rae8 42. Re1 Kg6 43. Rg3 Kf6 44. Rh3 Rh8 45. Rxh8 Nxh8 46. Rc1 Rh7 47. Kg2 Re7 48. Kf2 Nf7 49. Rc5 Nd6 50. Rxa5 f4 51. exf4 gxf4 52. Ra8 Re3 53. Be2 Nf5 54. Rf8+ Kg6 55. Rg8+ Ng7 56. h4 Rb3 57. h5+ Kf7 58. Rh8 Rxb2 59. h6 Nh5 60. Rb8 Kg6 61. a5 Ng3 62. a6 Rxe2+ 63. Kg1 bxa6 64. Rh8 Re7 65. Rg8+ Kxh6 66. Ra8 Re6 67. Rxa6 Kg5 68. Kg2 Nf5 69. Kf2 Nxd4 70. Ra8 Nf5 71. Rg8+ Kf6 72. Rh8 Ke5 73. Rh1 c5 74. Re1+ Ne3 75. Rc1 c4 76. Rd1 d4 77. Re1 c3 78. Ke2 Kd5 79. Kd3 Nc4 80. Ra1 Re3+ 81. Kc2 Re2+ 82. Kd3 Rd2# 0-1


[Site "https://www.chess.com"]

[Event "Titled Tuesday Blitz May 30 Early 2023"]
[White "Petrosyan, Manuel"]
[Black "Trifan, Andrei Ioan"]
[WhiteFideId "13300857"]
[BlackFideId "12967068"]
[WhiteElo "2576"]
[BlackElo "2208"]
[Result "0-1"]
[Round "08"]
[TimeControl "180+2"]
[Date "2023.05.30"]
[WhiteClock "0:00:00"]
[BlackClock "0:00:18"]

1. e4 e5 2. Nf3 Nc6 3. Bb5 a6 4. Ba4 Nf6 5. O-O Be7 6. Re1 b5 7. Bb3 d6 8. c3 O-O 9. h3 Nb8 10. d4 Nbd7 11. Nbd2 Bb7 12. Bc2 Re8 13. Nf1 Bf8 14. Ng3 g6 15. a3 c5 16. b3 d5 17. dxe5 Nxe5 18. Nxe5 Rxe5 19. f4 Re8 20. e5 Nd7 21. Qg4 Bg7 22. Be3 Qc8 23. Bf2 Nf8 24. Rad1 Qxg4 25. hxg4 Ne6 26. f5 Nc7 27. Bxc5 Bxe5 28. Rxe5 Rxe5 29. Bd6 Re3 30. Bd3 Ne8 31. Bf4 Re7 32. g5 Rc8 33. Ne2 Rd8 34. Nd4 Nd6 35. f6 Ree8 36. Bxd6 Rxd6 37. Kf2 h6 38. gxh6 Rxf6+ 39. Kg1 Kh7 40. a4 bxa4 41. bxa4 Kxh6 42. Rb1 Bc6 43. Rb6 Re3 44. Bxa6 Rxc3 45. Bb7 Rc4 46. Nxc6 d4 47. a5 d3 48. Rb1 d2 49. Rd1 Rc1 0-1


[Site "https://www.chess.com"]

[Event "Titled Tuesday Blitz May 30 Early 2023"]
[White "Agibileg, Uurtsaikh"]
[Black "Bortnyk, Olexandr"]
[WhiteFideId "4901606"]
[BlackFideId "14120828"]
[WhiteElo "2353"]
[BlackElo "2734"]
[Result "1-0"]
[Round "08"]
[TimeControl "180+2"]
[Date "2023.05.30"]
[WhiteClock "0:01:01"]
[BlackClock "0:00:00"]

1. d4 d6 2. c4 e5 3. e3 exd4 4. exd4 g6 5. Nc3 Bg7 6. Be2 Nf6 7. Nf3 O-O 8. O-O Nc6 9. Bg5 Bg4 10. Qd2 Qd7 11. h3 Bf5 12. Rfe1 Ne4 13. Nxe4 Bxe4 14. Bh6 Bxh6 15. Qxh6 Bxf3 16. Bxf3 Nxd4 17. Bxb7 Rab8 18. Bd5 Nc2 19. Re4 Kh8 20. Rc1 Nb4 21. Rh4 f5 22. Qxg6 c6 23. Be6 Qe7 24. Qh5 Nd3 25. Rd1 Nc5 26. Bxf5 Rxf5 27. Qxf5 Qxh4 28. Rxd6 Ne4 29. Qe5+ Kg8 30. g3 Ng5 31. Rg6+ 1-0


[Site "https://www.chess.com"]

[Event "Titled Tuesday Blitz May 30 Early 2023"]
[White "Jeet, Jain"]
[Black "Zhigalko, Sergei"]
[WhiteFideId "5073022"]
[BlackFideId "13502956"]
[WhiteElo "2067"]
[BlackElo "2626"]
[Result "0-1"]
[Round "08"]
[TimeControl "180+2"]
[Date "2023.05.30"]
[WhiteClock "0:00:13"]
[BlackClock "0:00:06"]

1. Nf3 d5 2. d4 e6 3. e3 Nf6 4. Bd3 Bd6 5. O-O b6 6. b3 Bb7 7. Bb2 O-O 8. c4 Nbd7 9. Ne5 dxc4 10. Nxc4 Re8 11. Nxd6 cxd6 12. Nd2 Nf8 13. e4 Ng6 14. g3 Rc8 15. Qe2 Qd7 16. h4 e5 17. d5 Qh3 18. Qf3 Ng4 19. Qg2 Qxg2+ 20. Kxg2 f5 21. exf5 Ne7 22. Be4 Nf6 23. f3 Nexd5 24. Rfc1 Nxe4 25. Nxe4 Ne3+ 26. Kf2 Nxf5 27. Ba3 d5 28. Nd6 Nxd6 29. Bxd6 Rcd8 30. Rc7 Rxd6 31. Rxb7 Rc6 32. Re1 a5 33. Rd7 d4 34. Rxd4 Rc2+ 35. Kf1 exd4 36. Rxe8+ Kf7 37. Rd8 Rxa2 38. Rxd4 Rb2 39. Rd7+ Kf8 40. Rd3 Ke7 41. Ke1 h6 42. h5 Ke6 43. Kd1 b5 44. Kc1 Rg2 45. g4 Rf2 46. Kd1 Ke5 47. Ke1 Rb2 48. Kd1 b4 49. Ke1 Ke6 50. Kd1 Ke5 51. Ke1 Kf4 52. Kd1 Rf2 53. Rd5 Rxf3 54. Rxa5 Rxb3 55. Ra7 Kxg4 56. Rxg7+ Kxh5 57. Kc2 Rc3+ 58. Kb2 Rc4 59. Kb3 Rg4 60. Re7 Kh4 61. Rh7 h5 62. Rh8 Rf4 63. Rh7 Kg4 64. Rg7+ Kf3 65. Rh7 h4 66. Kc2 Kg3 67. Kb3 h3 68. Rg7+ Rg4 69. Rh7 h2 0-1


[Site "https://www.chess.com"]

[Event "Titled Tuesday Blitz May 30 Early 2023"]
[White "Sethuraman, S.P."]
[Black "Dehtiarov, Roman"]
[WhiteFideId "5021596"]
[BlackFideId "14186640"]
[WhiteElo "2543"]
[BlackElo "2189"]
[Result "1-0"]
[Round "08"]
[TimeControl "180+2"]
[Date "2023.05.30"]
[WhiteClock "0:00:19"]
[BlackClock "0:00:02"]

1. d4 Nf6 2. c4 e6 3. Nf3 b6 4. h3 Bb7 5. Nc3 Bb4 6. Qb3 c5 7. Bg5 h6 8. Bh4 g5 9. Bg3 Ne4 10. e3 Nxg3 11. fxg3 Qf6 12. Be2 Nc6 13. O-O Qg7 14. d5 Ne7 15. Nb5 O-O 16. a3 Ba5 17. Nd6 Ba6 18. e4 exd5 19. exd5 Qg6 20. Nb5 Bxb5 21. Qxb5 Nf5 22. Bd3 Nd6 23. Qb3 Qg7 24. Qc2 Rae8 25. Rab1 b5 26. cxb5 Bb6 27. Kh2 f5 28. b3 f4 29. g4 Re3 30. a4 Rfe8 31. Bc4 Nf7 32. d6 Kh8 33. Qd2 Ne5 34. Ng1 Nxc4 35. bxc4 Qd4 36. Qc2 Qxd6 37. Rbd1 Qe7 38. Nf3 Bc7 39. Qg6 Qe6 40. Qh5 Bb6 41. Nxg5 Qf6 42. Nf3 Qg7 43. Rd6 Kh7 44. g5 Bc7 45. Rxh6+ Kg8 46. Rd1 R8e6 47. Rxe6 Rxe6 48. Qg4 Bb8 49. Qf5 Bd6 50. a5 Qf7 51. Qd5 Qe7 52. b6 axb6 53. axb6 Kg7 54. b7 Bb8 55. Qxd7 Kg6 56. Qc8 Qc7 57. Qg8+ Kf5 58. Rd5+ Ke4 1-0


[Site "https://www.chess.com"]

[Event "Titled Tuesday Blitz May 30 Early 2023"]
[White "Miranda, Rafael"]
[Black "Hayrapetyan, Hovik"]
[WhiteFideId "130990"]
[BlackFideId "13302639"]
[WhiteElo "2204"]
[BlackElo "2348"]
[Result "0-1"]
[Round "08"]
[TimeControl "180+2"]
[Date "2023.05.30"]
[WhiteClock "0:00:36"]
[BlackClock "0:00:45"]

1. e4 c5 2. Nf3 d6 3. c3 Nf6 4. h3 Nc6 5. Bd3 g6 6. O-O Bg7 7. Re1 O-O 8. Bf1 e5 9. d4 cxd4 10. cxd4 exd4 11. Nxd4 d5 12. e5 Ne4 13. Nxc6 bxc6 14. Nd2 Bxe5 15. Nxe4 dxe4 16. Bh6 Qxd1 17. Raxd1 Re8 18. Rxe4 Bf5 19. Re2 Bg7 20. Bxg7 Kxg7 21. Rc1 Rad8 22. Rxe8 Rxe8 23. Rxc6 Re1 24. Rc3 h5 25. h4 Bd7 26. f4 Ra1 27. Kf2 Rxa2 28. Rb3 Be6 29. Rb7 a5 30. Kg3 Kf6 31. Bd3 a4 32. Rb4 a3 33. f5 gxf5 34. bxa3 Rxa3 35. Rd4 Ke5 36. Rd8 Bc4 0-1


[Site "https://www.chess.com"]

[Event "Titled Tuesday Blitz May 30 Early 2023"]
[White "SashaKuzhilniy"]
[Black "Fier, Alexandr"]
[BlackFideId "2107139"]
[WhiteElo "2627"]
[BlackElo "2610"]
[Result "1/2-1/2"]
[Round "08"]
[TimeControl "180+2"]
[Date "2023.05.30"]
[WhiteClock "0:00:22"]
[BlackClock "0:01:43"]

1. b3 Nf6 2. Bb2 c5 3. Nf3 d6 4. g3 e5 5. c4 Nc6 6. Bg2 h5 7. d3 Bg4 8. h3 Bf5 9. Nc3 Qd7 10. e3 Be7 11. d4 e4 12. Nh4 Bh7 13. dxc5 Nb4 14. Bf1 dxc5 15. Qxd7+ Nxd7 16. O-O-O Ne5 17. Nb5 Nbd3+ 18. Bxd3 Nxd3+ 19. Rxd3 exd3 20. Nc7+ Kd7 21. Nxa8 Rxa8 22. Bxg7 Rg8 23. Be5 Kc6 24. Rd1 b5 25. Ng2 bxc4 26. bxc4 Rb8 27. Nf4 Rb4 28. Nxd3 Rxc4+ 29. Kb2 f6 30. Bc3 Ra4 31. Nf4 Bg8 32. a3 Ra6 33. Nxh5 Rb6+ 34. Kc1 Rb3 35. Bb2 c4 36. Nxf6 Be6 37. Ne4 Bxh3 38. Nc3 Bxa3 39. Bxa3 Rxc3+ 40. Kb2 Rb3+ 41. Ka2 Bf5 42. Rd6+ Kc7 43. Rd4 Bb1+ 44. Ka1 Bd3 45. Bb2 Rb6 46. Bc3 Rb3 47. Bb2 a5 48. Rd5 a4 49. Ra5 c3 50. Rc5+ Kd6 51. Rxc3 Be4 52. Rxb3 axb3 53. g4 Ke6 54. Bd4 Bf3 55. g5 Kf5 56. Bf6 Bd1 57. f4 Bc2 58. Kb2 Kg6 59. Bd4 Kf5 60. Bc5 Kg6 61. Bb6 Kf5 62. Ba7 Kg6 63. Bb6 Kf5 64. Ba7 Kg6 65. Bb6 1/2-1/2


[Site "https://www.chess.com"]

[Event "Titled Tuesday Blitz May 30 Early 2023"]
[White "iHateNAJDORF"]
[Black "Yuan, Qingyu"]
[BlackFideId "8609772"]
[WhiteElo "2621"]
[BlackElo "2359"]
[Result "1-0"]
[Round "08"]
[TimeControl "180+2"]
[Date "2023.05.30"]
[WhiteClock "0:02:02"]
[BlackClock "0:00:57"]

1. c4 Nf6 2. Nc3 c5 3. Nf3 d5 4. cxd5 Nxd5 5. e4 Nb4 6. Bc4 Nd3+ 7. Ke2 Nf4+ 8. Kf1 Nd3 9. Ke2 Nxc1+ 10. Rxc1 e6 11. d4 cxd4 12. Bb5+ Bd7 13. Bxd7+ Nxd7 14. Qxd4 Nc5 15. Qc4 Be7 16. Rhd1 Qb6 17. Na4 Nxa4 18. Qxa4+ Kf8 19. b3 g6 20. Rd7 Rd8 21. Ne5 f6 22. Rcc7 fxe5 23. Rxe7 Qd6 24. Rf7+ Kg8 25. Rg7+ Kf8 26. Rcf7# 1-0


[Site "https://www.chess.com"]

[Event "Titled Tuesday Blitz May 30 Early 2023"]
[White "Kilic, Eray"]
[Black "Melian, Juan Sebastian"]
[WhiteFideId "44517173"]
[BlackFideId "3706575"]
[WhiteElo "2328"]
[BlackElo "2092"]
[Result "1-0"]
[Round "08"]
[TimeControl "180+2"]
[Date "2023.05.30"]
[WhiteClock "0:01:12"]
[BlackClock "0:00:06"]

1. e4 e5 2. Nc3 Nf6 3. f4 d5 4. fxe5 Nxe4 5. Qf3 Nxc3 6. bxc3 Nc6 7. Bb5 Be6 8. Ne2 Qd7 9. O-O Be7 10. d4 O-O 11. Qg3 Kh8 12. Bg5 Rae8 13. Nf4 Bf5 14. Bxe7 Rxe7 15. Qh4 Ree8 16. Rf2 a6 17. Bxc6 Qxc6 18. Raf1 Be4 19. Qg3 Kg8 20. h4 Qh6 21. Nh3 Qg6 22. Qe3 Qh5 23. Ng5 Bg6 24. Rf4 f6 25. Qf2 h6 26. g4 1-0


[Site "https://www.chess.com"]

[Event "Titled Tuesday Blitz May 30 Early 2023"]
[White "Quintiliano Pinto, Renato R."]
[Black "Terletsky, Oleg"]
[WhiteFideId "2117568"]
[BlackFideId "14116774"]
[WhiteElo "2459"]
[BlackElo "2084"]
[Result "1-0"]
[Round "08"]
[TimeControl "180+2"]
[Date "2023.05.30"]
[WhiteClock "0:00:48"]
[BlackClock "0:00:00"]

1. e4 e5 2. Nf3 Nc6 3. Bb5 a6 4. Ba4 Nf6 5. O-O Be7 6. d3 b5 7. Bb3 d6 8. c3 O-O 9. h3 Na5 10. Bc2 c5 11. Re1 Re8 12. d4 Qc7 13. Nbd2 Nc6 14. d5 Nb8 15. a4 Bb7 16. b4 Nbd7 17. Nf1 Rec8 18. Bd3 c4 19. Bc2 a5 20. axb5 axb4 21. Rxa8 Rxa8 22. cxb4 Nb6 23. Be3 Bc8 24. N1d2 Rb8 25. Nb1 Bd7 26. Nc3 g6 27. Qe2 Ra8 28. Nd2 Ra3 29. Bxb6 Qxb6 30. Nxc4 Bxb5 31. Nxb5 Qxb5 32. Nxa3 Qxb4 33. Nc4 Nh5 34. g3 Bg5 35. Rb1 Qc3 36. Qd3 1-0


[Site "https://www.chess.com"]

[Event "Titled Tuesday Blitz May 30 Early 2023"]
[White "Vakhlamov, Igor L."]
[Black "Bodnaruk, Anastasia"]
[WhiteFideId "24126748"]
[BlackFideId "4181751"]
[WhiteElo "2407"]
[BlackElo "2304"]
[Result "0-1"]
[Round "08"]
[TimeControl "180+2"]
[Date "2023.05.30"]
[WhiteClock "0:00:02"]
[BlackClock "0:00:07"]

1. e4 c5 2. Nf3 d6 3. Nc3 Nf6 4. d4 cxd4 5. Qxd4 a6 6. e5 Nc6 7. Qa4 Ng4 8. Bb5 Bd7 9. Bxc6 bxc6 10. O-O Nxe5 11. Nxe5 dxe5 12. Rd1 e6 13. Be3 Be7 14. Qg4 g6 15. Bh6 f5 16. Qc4 Kf7 17. Na4 g5 18. Nc5 Bxc5 19. Qxc5 Kg6 20. Rd3 e4 21. Bxg5 Kxg5 22. Rg3+ Kf6 23. Rd1 Qe7 24. Rd6 Kf7 25. Qd4 e5 26. Qd2 Be6 27. h4 Rad8 28. Rxd8 Qxd8 29. Qh6 Qf6 30. Qh5+ Ke7 31. Qe2 f4 32. Rc3 Bd5 33. Qxa6 f3 34. Qa7+ Ke6 35. g3 Qh6 36. Kf1 Qc1# 0-1


[Site "https://www.chess.com"]

[Event "Titled Tuesday Blitz May 30 Early 2023"]
[White "Martic, Ivan"]
[Black "Sieciechowicz, Marcin"]
[WhiteFideId "929301"]
[BlackFideId "1130170"]
[WhiteElo "2360"]
[BlackElo "2302"]
[Result "1-0"]
[Round "08"]
[TimeControl "180+2"]
[Date "2023.05.30"]
[WhiteClock "0:00:19"]
[BlackClock "0:00:45"]

1. d4 d5 2. c4 c6 3. Nf3 Nf6 4. Nc3 e6 5. e3 Nbd7 6. Qc2 Bd6 7. Bd3 O-O 8. O-O h6 9. e4 dxe4 10. Nxe4 Nxe4 11. Bxe4 c5 12. Rd1 Qc7 13. h3 Nf6 14. Bd3 b6 15. Qe2 Bb7 16. dxc5 Bxc5 17. Ne5 Rfd8 18. Bf4 Bd6 19. Rac1 Bxe5 20. Bxe5 Qc6 21. Qf1 Nd7 22. Bd4 Nc5 23. Be2 a5 24. Bf3 Qc7 25. Qe2 Rac8 26. b3 Bxf3 27. Qxf3 e5 28. Bxc5 Qxc5 29. Qe3 Qxe3 30. fxe3 Kf8 31. e4 Ke7 32. Kf2 Rd6 33. Rxd6 Kxd6 34. Rd1+ Ke6 35. Rd5 Rc5 36. g4 Rxd5 37. cxd5+ Kd6 38. h4 Kc5 39. h5 b5 40. a3 g6 41. g5 1-0


[Site "https://www.chess.com"]

[Event "Titled Tuesday Blitz May 30 Early 2023"]
[White "Shukhman, Anna"]
[Black "Halkias, Stelios"]
[WhiteFideId "54180058"]
[BlackFideId "4201809"]
[WhiteElo "2235"]
[BlackElo "2451"]
[Result "1-0"]
[Round "08"]
[TimeControl "180+2"]
[Date "2023.05.30"]
[WhiteClock "0:00:13"]
[BlackClock "0:00:15"]

1. e4 c6 2. d4 d5 3. f3 e6 4. Nc3 Bb4 5. a3 Ba5 6. b4 Bb6 7. Be3 e5 8. Nge2 Ne7 9. Qd2 exd4 10. Nxd4 dxe4 11. Nxe4 O-O 12. Bc4 Nd5 13. Bf2 Nd7 14. O-O Ne5 15. Bb3 Nf6 16. Rfe1 Ng6 17. Rad1 Nxe4 18. Rxe4 Qf6 19. h4 Bf5 20. Nxf5 Qxf5 21. Qg5 Bxf2+ 22. Kxf2 Qxg5 23. hxg5 Rad8 24. Red4 Rde8 25. Rd7 Re5 26. Rxb7 Rxg5 27. Rxa7 h5 28. Rdd7 Kh7 29. Rxf7 Rd8 30. Rad7 Rxd7 31. Rxd7 Nf4 32. g3 Nh3+ 33. Kg2 Nf4+ 34. Kh2 Ne2 35. f4 Rg4 36. Be6 Rxg3 37. Bf5+ Kh6 38. Re7 Nd4 39. Bd3 h4 40. Be4 Re3 41. Re8 g6 42. Bxc6 Rc3 43. Be4 Nxc2 44. Re6 Nd4 45. Rxg6+ Kh5 46. Rg5+ Kh6 47. Rd5 Ne2 48. Rd6+ Kg7 49. f5 Nf4 50. f6+ Kf7 51. a4 Re3 52. Bc6 Re2+ 53. Kg1 h3 54. Bf3 h2+ 55. Kh1 Rf2 56. Bd1 Nh3 57. Bb3+ Kg6 58. f7+ Kg7 59. Rd8 Rf1+ 60. Kxh2 Ng5 61. Rg8+ Kh6 62. f8=Q+ Rxf8 63. Rxf8 Nf3+ 64. Rxf3 Kg5 65. a5 Kg4 66. a6 Kxf3 67. a7 Ke3 68. a8=Q Kd4 69. Qd5+ Kc3 70. Qc4+ Kb2 71. b5 Ka3 72. b6 Kb2 73. b7 Ka3 74. b8=Q Kb2 75. Bd1+ Ka3 76. Qa6# 1-0


[Site "https://www.chess.com"]

[Event "Titled Tuesday Blitz May 30 Early 2023"]
[White "Girsh, Daniel"]
[Black "Oleksiyenko, Mykhaylo"]
[WhiteFideId "30949190"]
[BlackFideId "4152417"]
[WhiteElo "2075"]
[BlackElo "2551"]
[Result "0-1"]
[Round "08"]
[TimeControl "180+2"]
[Date "2023.05.30"]
[WhiteClock "0:00:11"]
[BlackClock "0:00:25"]

1. d4 d5 2. c4 e6 3. Nf3 Nf6 4. g3 Be7 5. Bg2 O-O 6. O-O c6 7. Qc2 dxc4 8. Qxc4 b5 9. Qc2 Bb7 10. a4 Na6 11. Nbd2 Nb4 12. Qb3 a5 13. e3 Qb6 14. Rd1 c5 15. dxc5 Bxc5 16. axb5 a4 17. Qc4 Bd5 18. Qh4 Qxb5 19. e4 Qe2 20. Rf1 Bc6 21. e5 Nd3 22. exf6 Nxf2 23. fxg7 Rfd8 24. Qc4 Rxd2 25. Qxc5 Ne4 26. Nxd2 Nxc5 27. Bxc6 Rd8 28. Nf3 Rd1 29. Bh6 Qxf1# 0-1


[Site "https://www.chess.com"]

[Event "Titled Tuesday Blitz May 30 Early 2023"]
[White "Novikov, Evgenij"]
[Black "Domingo Nunez, Ruben"]
[WhiteFideId "4125380"]
[BlackFideId "22245570"]
[WhiteElo "2242"]
[BlackElo "2404"]
[Result "1-0"]
[Round "08"]
[TimeControl "180+2"]
[Date "2023.05.30"]
[WhiteClock "0:00:30"]
[BlackClock "0:01:20"]

1. c4 g6 2. Nc3 Bg7 3. e4 c5 4. g3 Nc6 5. Bg2 a6 6. a4 d6 7. d3 e6 8. h4 h5 9. Nh3 Qb6 10. O-O Bd7 11. Rb1 Nge7 12. Bf4 Nb4 13. Qd2 e5 14. Be3 Nec6 15. Nd5 Nxd5 16. exd5 Nb4 17. Ng5 Bxa4 18. f4 Bc2 19. fxe5 Bxb1 20. Rxf7 Bxe5 21. Bh3 Qd8 22. Rxb7 O-O 23. Be6+ 1-0


[Site "https://www.chess.com"]

[Event "Titled Tuesday Blitz May 30 Early 2023"]
[White "Uzcategui Rodriguez, Alejandro"]
[Black "Sahib Singh"]
[WhiteFideId "3903400"]
[BlackFideId "25618342"]
[WhiteElo "2252"]
[BlackElo "1934"]
[Result "1-0"]
[Round "08"]
[TimeControl "180+2"]
[Date "2023.05.30"]
[WhiteClock "0:00:34"]
[BlackClock "0:00:15"]

1. d4 d5 2. Nf3 e6 3. c3 Bd6 4. Bg5 Ne7 5. Nbd2 f6 6. Bh4 Nf5 7. Bg3 O-O 8. e4 Nxg3 9. hxg3 f5 10. e5 Be7 11. Bd3 c5 12. g4 Nc6 13. Qe2 g6 14. gxf5 exf5 15. g3 Be6 16. Qe3 c4 17. Bc2 b5 18. Nf1 b4 19. Qh6 Rf7 20. Ne3 Rb8 21. g4 Bf8 22. Qh3 fxg4 23. Nxg4 h5 24. Nh6+ Bxh6 25. Qxe6 Qe7 26. Qxg6+ Bg7 27. Ng5 Rf4 28. Ne6 Rg4 29. Qh7+ Kf7 30. Qxh5+ Kxe6 31. Qxg4+ Kf7 32. Qg6+ Kf8 33. Rh3 Rb6 34. Rf3+ Kg8 35. Qh7# 1-0


[Site "https://www.chess.com"]

[Event "Titled Tuesday Blitz May 30 Early 2023"]
[White "Topalov, Aleksandar"]
[Black "Goryachkina, Aleksandra"]
[WhiteFideId "925659"]
[BlackFideId "4147103"]
[WhiteElo "2151"]
[BlackElo "2471"]
[Result "0-1"]
[Round "08"]
[TimeControl "180+2"]
[Date "2023.05.30"]
[WhiteClock "0:00:15"]
[BlackClock "0:00:37"]

1. b3 d5 2. Bb2 c5 3. e3 a6 4. Nf3 Nc6 5. d4 Nf6 6. Be2 Bg4 7. O-O e6 8. Nbd2 cxd4 9. exd4 Bd6 10. a3 O-O 11. h3 Bh5 12. Ne5 Bxe2 13. Qxe2 Bxe5 14. dxe5 Nd7 15. f4 Rc8 16. Nf3 Nc5 17. Nd2 b5 18. Kh1 Qc7 19. Rac1 h6 20. f5 exf5 21. Rxf5 Ne6 22. Qg4 Ne7 23. Rh5 Ng6 24. Nf3 Qc5 25. Nd4 Nxd4 26. Qxd4 Qxd4 27. Bxd4 Nf4 28. Rh4 Ne2 29. Re1 Rxc2 30. Ba1 Rd8 31. Rg4 d4 32. Rd1 h5 33. Re4 Ng3+ 0-1


[Site "https://www.chess.com"]

[Event "Titled Tuesday Blitz May 30 Early 2023"]
[White "Atoufi, Pedram"]
[Black "Korchmar, Vasiliy"]
[WhiteFideId "12501654"]
[BlackFideId "24131750"]
[WhiteElo "2228"]
[BlackElo "2370"]
[Result "1-0"]
[Round "08"]
[TimeControl "180+2"]
[Date "2023.05.30"]
[WhiteClock "0:00:25"]
[BlackClock "0:00:00"]

1. Nc3 d5 2. d4 Nf6 3. Nf3 a6 4. Bf4 b5 5. e3 Bb7 6. Be2 e6 7. O-O Nbd7 8. Ne5 Be7 9. Nxd7 Qxd7 10. a3 c5 11. dxc5 Bxc5 12. Qd3 O-O 13. Be5 Be7 14. Rad1 Rfd8 15. e4 dxe4 16. Qxd7 Rxd7 17. Bxf6 Rxd1 18. Bxe7 Rxf1+ 19. Kxf1 f5 20. Bc5 Rd8 21. Ke1 e3 22. fxe3 Bxg2 23. a4 bxa4 24. Nxa4 g5 25. Be7 Rc8 26. Bxg5 Rxc2 27. Bd3 Rc6 28. b4 Kf7 29. Kd2 Rd6 30. Bf4 Rd5 31. Nb6 Rd8 32. Bc7 Rg8 33. Bxa6 Be4 34. Nc4 Rg2+ 35. Kc3 Ke7 36. b5 Ra2 37. Be5 h5 38. h4 Bd5 39. Bd4 Be4 40. Kb3 Rh2 41. b6 Rxh4 42. Bc5+ Ke8 43. Nd6+ Kd7 44. Nxe4 Rxe4 45. b7 Kc7 46. Bd6+ 1-0


[Site "https://www.chess.com"]

[Event "Titled Tuesday Blitz May 30 Early 2023"]
[White "Nugumanov, Bakhtiyar"]
[Black "Rustemov, Alexander"]
[WhiteFideId "13701797"]
[BlackFideId "4119002"]
[WhiteElo "2209"]
[BlackElo "2812"]
[Result "0-1"]
[Round "08"]
[TimeControl "180+2"]
[Date "2023.05.30"]
[WhiteClock "0:00:00"]
[BlackClock "0:00:20"]

1. Nf3 d5 2. g3 Nf6 3. Bg2 c6 4. c4 dxc4 5. O-O Be6 6. Na3 h6 7. Qc2 Qd5 8. Qc3 Ne4 9. Qe3 Ng5 10. Nd4 Qd7 11. Nxe6 Qxe6 12. Qxe6 Nxe6 13. Nxc4 Nd4 14. e3 Ne2+ 15. Kh1 a5 16. d4 Nxc1 17. Raxc1 e6 18. e4 Be7 19. d5 exd5 20. exd5 O-O 21. dxc6 Nxc6 22. Rfe1 Bb4 23. Red1 Rfe8 24. Ne3 Rad8 25. Rxd8 Rxd8 26. Bxc6 bxc6 27. Rxc6 a4 28. a3 Bd2 29. Rc2 Bxe3 0-1


[Site "https://www.chess.com"]

[Event "Titled Tuesday Blitz May 30 Early 2023"]
[White "Gontcharov, Vladislav"]
[Black "Janik, Igor"]
[WhiteFideId "4123492"]
[BlackFideId "1159259"]
[WhiteElo "2420"]
[BlackElo "2484"]
[Result "0-1"]
[Round "08"]
[TimeControl "180+2"]
[Date "2023.05.30"]
[WhiteClock "0:00:00"]
[BlackClock "0:00:03"]

1. d4 Nf6 2. c4 e6 3. Nc3 Bb4 4. e3 O-O 5. Bd3 c5 6. Ne2 cxd4 7. exd4 d5 8. O-O dxc4 9. Bxc4 Bd7 10. Bg5 Bc6 11. Ng3 Be7 12. Qe2 Nbd7 13. Rad1 Re8 14. Rfe1 h6 15. Bc1 Nb6 16. Bd3 Nbd5 17. Bb1 Rc8 18. Qd3 Nb4 19. Qe2 Bd6 20. Nge4 Nxe4 21. Nxe4 Be7 22. a3 Nd5 23. Qd3 Qb6 24. Qg3 Qc7 25. Qh3 Ba4 26. b3 Bb5 27. Bxh6 Nf4 28. Bxf4 Qxf4 29. d5 f5 30. Ng3 Bxa3 31. dxe6 g6 32. Nxf5 gxf5 33. Bxf5 Rc7 34. Re4 Qg5 35. Rg4 Qxg4 36. Qxg4+ Rg7 37. Qe4 Bc6 38. Qe3 Bxg2 0-1


[Site "https://www.chess.com"]